AoeStats
← lemortelier

Highland

504602033Analyzed
3v3 RM · 27d ago on Sep 5, 2026· 67m 13s· 6 players
Game mode
Random Map
Map size
Normal (6 player)
Population
200
Speed
Normal
Resources
Standard
Victory
Conquest
Starting age
Dark Age
Ending age
Imperial Age
RankedLock teamsTeams togetherTeam positionsShared explorationLock speedFull tech treeHidden civsTurbo modeCheats
Victory
Defeat
🇨🇱 Chinese · Chile
660
+13
🇬🇧 Persians · United Kingdom
598
+16
🇻🇪 Chinese · Venezuela
565
+17
🇪🇸 Turks · Spain
644
-17
🇪🇸 Spanish · Spain
598
-16
🇪🇸 Maya · Spain
535
-13
Lamb Of God
11:15 Feudal Age
25:00 Castle Age
29:15 Double-Bit Axe
33:10 Imperial Age
30:41 Gold Mining
31:03 Bow Saw
31:34 Ballistics
32:23 Padded Archer Armor
32:08 Horse Collar
33:23 Leather Archer Armor
34:33 Wheelbarrow
34:09 Caravan
38:50 Heavy Scorpion
40:52 Ring Archer Armor
42:16 Chemistry
41:41 Fletching
43:37 Two-Man Saw
45:39 Heavy Rocket Cart
48:08 Elite Chu Ko Nu
48:55 Great Wall
49:13 Fortified Wall
48:54 Heated Shot
49:15 Masonry
49:01 Murder Holes
50:03 Hand Cart
Greenland Viking
3:40 Loom
9:55 Feudal Age
14:13 Wheelbarrow
21:11 Castle Age
19:44 Fletching
19:56 Padded Archer Armor
21:13 Horse Collar
21:22 Double-Bit Axe
21:49 Forging
27:47 Caravan
37:06 Imperial Age
35:14 Wheelbarrow
34:52 Bloodlines
34:44 Husbandry
35:03 Leather Archer Armor
35:08 Bow Saw
34:55 Gold Mining
36:20 Hand Cart
35:56 Town Watch
37:07 Ballistics
36:39 Guard Tower
37:01 Masonry
38:19 Bodkin Arrow
38:31 Scale Barding Armor
39:02 Iron Casting
37:51 Heavy Camel Rider
38:16 Elite Skirmisher
41:13 Elite War Elephant
41:55 Kamandaran
42:57 Town Patrol
42:55 Crossbowman
45:01 Thumb Ring
45:46 Chain Barding Armor
46:39 Chemistry
47:47 Two-Man Saw
46:51 Heavy Plow
48:12 Plate Barding Armor
48:18 Conscription
49:08 Citadels
49:20 Murder Holes
51:08 Ring Archer Armor
51:46 Blast Furnace
53:16 Hoardings
54:40 Architecture
54:30 Block Printing
juliocesar_111_7
0:38 Loom
15:01 Feudal Age
16:23 Horse Collar
16:31 Double-Bit Axe
17:23 Wheelbarrow
16:34 Town Watch
16:44 Gold Mining
17:38 Stone Mining
17:58 Fishing Lines
19:27 Padded Archer Armor
19:18 Fletching
22:39 Bloodlines
23:12 Forging
24:32 Scale Barding Armor
28:13 Castle Age
29:34 Hand Cart
30:19 Medium Warships
30:30 Town Patrol
30:49 Leather Archer Armor
30:30 Bodkin Arrow
30:35 Scale Mail Armor
31:11 Iron Casting
32:07 Bow Saw
33:04 Caravan
37:13 Imperial Age
35:20 Husbandry
37:03 Chain Barding Armor
37:34 Fortified Wall
37:22 Murder Holes
39:13 Chemistry
39:51 Two-Man Saw
39:35 Conscription
41:38 Chemistry
42:29 Ring Archer Armor
42:01 Bracer
42:24 Ballistics
43:26 Rocketry
43:10 Great Wall
44:17 Heavy Warships
44:49 Gold Shaft Mining
44:53 Stone Shaft Mining
46:58 Heavy Rocket Cart
47:17 Heavy Scorpion
50:27 Heated Shot
51:01 Shipwright
50:53 Clinker Construction
50:55 Careening
50:22 Heavy Rocket Cart
54:15 Elite Chu Ko Nu
59:41 Blast Furnace
58:56 Chain Mail Armor
59:17 Plate Barding Armor
58:52 Cavalier
lemortelier
11:22 Feudal Age
12:00 Double-Bit Axe
13:50 Horse Collar
15:55 Loom
19:29 Castle Age
19:53 Stone Mining
21:31 Bow Saw
21:24 Heavy Plow
23:34 Gold Mining
26:43 Wheelbarrow
25:58 Town Watch
28:47 Hand Cart
29:33 Town Patrol
33:12 Imperial Age
30:45 Town Patrol
32:03 Scale Barding Armor
34:17 Chain Barding Armor
34:11 Fletching
34:46 Conscription
35:40 Two-Man Saw
34:51 Elite Conquistador
39:17 Fervor
39:52 Illumination
39:54 Sanctity
40:30 Caravan
42:56 Plate Barding Armor
42:16 Bodkin Arrow
47:04 Ballistics
47:45 Chemistry
49:21 Masonry
49:11 Murder Holes
59:32 Bracer
ipsofacto13
5:08 Loom
11:22 Feudal Age
13:11 Double-Bit Axe
13:13 Horse Collar
20:13 Castle Age
19:55 Wheelbarrow
19:49 Town Watch
20:13 Stone Mining
22:36 Bow Saw
24:10 Gold Mining
29:56 Imperial Age
31:12 Elite Janissary
32:12 Conscription
33:54 Two-Man Saw
33:42 Artillery
34:59 Caravan
40:38 Ballistics
complicesdemi
10:08 Loom
14:04 Feudal Age
14:35 Double-Bit Axe
14:37 Horse Collar
17:54 Wheelbarrow
17:15 Stone Mining
17:31 Gold Mining
23:39 Padded Archer Armor
23:39 Scale Mail Armor
26:59 Castle Age
26:37 Fletching
28:18 Stone Shaft Mining
28:00 Bow Saw
27:53 Heavy Plow
28:12 Hand Cart
27:40 Elite Skirmisher
31:09 Chain Mail Armor
31:10 Leather Archer Armor
30:51 Bodkin Arrow
31:07 Forging
31:32 Town Watch
33:41 Thumb Ring
34:54 Iron Casting
38:18 Town Patrol
38:59 Masonry
38:30 Treadmill Crane
38:41 Heated Shot
39:13 Ballistics
39:06 Fortified Wall
43:30 Hul'che Javelineers
46:14 Imperial Age
43:49 Murder Holes
43:45 Guard Tower
47:58 Elite Plumed Archer
52:20 Holcans
52:53 Architecture
53:01 Plate Mail Armor
53:42 Two-Man Saw
53:20 Crop Rotation
63:04 Chemistry
62:43 Keep
Connection lost

Rejoining the realm…

Still unreachable

The connection could not be restored.

Session expired

The server has moved on; the page needs a fresh start.